Workbook
Name _xlfn_IFERROR: #REF!
Name _xlfn_STDEV_P: #REF!
Name Excel_BuiltIn__FilterDatabase: Datos!$A$1:$R$26
Name Indice_de_liquidez__IL: Datos!$N$1
Name Indice_de_liquidez__IL: #REF!

Sheet Datos
A1: NIT | D1: Razon Social | E1: Departamento | F1: CIUDAD | G1: Activo corriente | H1: Pasivo corriente | I1: Activo total | J1: Pasivo total | K1: Patrimonio | L1: Utilidad operacional | M1: Gastos de intereses | N1: Indice de liquidez (IL) | O1: Nivel de endeudamiento | P1: Razon de cobertura de interes | Q1: Rentabilidad del patrimonio | R1: Rentabilidad del activo
A2: 830116807-7 | B2: 2020 | C2: RUP | D2: PARTEQUIPOS MAQUINARIA S.A.S | E2: BOGOTÁ | F2: BOGOTÁ D.C. | G2: 48643653000 | H2: 13542022000 | I2: 68536273000 | J2: 39469522000 | K2: 29066751000 | L2: 6141330000 | M2: 671195000 | N2: =+G2/H2 -> 3.5920524 | O2: =J2/I2 -> 0.57589245 | P2: =+L2/M2 -> 9.1498447 | Q2: =L2/K2 -> 0.21128368 | R2: =L2/I2 -> 0.089607003
A3: 830.060.331 - 0 | B3: 2020 | C3: RUP | D3: KOMATSU COLOMBIA S.A.S. | E3: ATLÁNTICO | F3: SOLEDAD | G3: 148826841000 | H3: 91506337000 | I3: 219755943000 | J3: 119009719000 | K3: 100746224000 | L3: 3884699000 | M3: 2890065000 | N3: =+G3/H3 -> 1.6264102 | O3: =J3/I3 -> 0.54155404 | P3: =+L3/M3 -> 1.3441563 | Q3: =L3/K3 -> 0.038559252 | R3: =L3/I3 -> 0.017677333
A4: 890.903.024-1 | B4: 2020 | C4: RUP | D4: COMERCIAL INTERNACIONAL DE EQUIPOS Y MAQUINARIA S.A.S. | E4: VALLE | F4: YUMBO | G4: 309713224059 | H4: 234543586767 | I4: 460556393449 | J4: 286791009149 | K4: 173765384300 | L4: 14572720017 | M4: 2915046000 | N4: =+G4/H4 -> 1.3204933 | O4: =J4/I4 -> 0.62270552 | P4: =+L4/M4 -> 4.999139 | Q4: =L4/K4 -> 0.083864344 | R4: =L4/I4 -> 0.031641554
A5: 900411323-2 | B5: 2020 | C5: RUP SUCRE | D5: RED COMERCIAL DE LA COSTA S.A.S. | E5: CÓRDOBA | F5: MONTERÍA | G5: 4683281528 | H5: 2725710609 | I5: 4987540785 | J5: 2725710609 | K5: 2261830176 | L5: 675557547 | M5: 116715009 | N5: =+G5/H5 -> 1.7181874 | O5: =J5/I5 -> 0.54650392 | P5: =+L5/M5 -> 5.7880949 | Q5: =L5/K5 -> 0.2986774 | R5: =L5/I5 -> 0.13544903
A6: 860506831 | B6: 2020 | C6: SS (OBTENIDO ES SUCRE) | D6: BIOTRONITECH COLOMBIA S.A.S. | E6: BOGOTA D.C. | F6: BOGOTÁ | G6: 42455053 | H6: 23528250 | I6: 53810747 | J6: 29826159 | K6: 23984588 | L6: 14201621 | M6: 1159195 | N6: =+G6/H6 -> 1.8044288 | O6: =J6/I6 -> 0.55427885 | P6: =+L6/M6 -> 12.251279 | Q6: =L6/K6 -> 0.59211444 | R6: =L6/I6 -> 0.26391793
A7: 860001307 | B7: 2020 | C7: SS (CÓDIGO BIEN CON VEHÍCULOS NUEVOS, SALE DE LISTA DE ES DE SUCRE) | D7: DISTRIBUIDORA NISSAN S.A. | E7: BOGOTA D.C. | F7: BOGOTÁ D.C. | G7: 412808721 | H7: 223097939 | I7: 710897167 | J7: 338621349 | K7: 372275818 | L7: 20494591 | M7: 50875346 | N7: =+G7/H7 -> 1.8503475 | O7: =J7/I7 -> 0.47632958 | P7: =+L7/M7 -> 0.40283934 | Q7: =L7/K7 -> 0.055052168 | R7: =L7/I7 -> 0.028829192
A8: 900499033 | B8: 2020 | C8: SS (CÓDIGO BIEN CON VEHÍCULOS NUEVOS, SALE DE LISTA DE ES DE SUCRE) | D8: ENVITECK S.A.S. | E8: BOGOTA D.C. | F8: BOGOTÁ D.C. | G8: 2473719 | H8: 776680 | I8: 3036086 | J8: 776680 | K8: 2259406 | L8: 600401 | M8: 69976 | N8: =+G8/H8 -> 3.1849912 | O8: =J8/I8 -> 0.25581621 | P8: =+L8/M8 -> 8.5800989 | Q8: =L8/K8 -> 0.265734 | R8: =L8/I8 -> 0.19775494
A9: 900315569 | B9: 2020 | C9: SS (CÓDIGO BIEN CON VEHÍCULOS NUEVOS, SALE DE LISTA DE ES DE SUCRE) | D9: VOLVO GROUP COLOMBIA S.A.S. | E9: BOGOTA D.C. | F9: BOGOTÁ D.C. | G9: 166992240 | H9: 63355515 | I9: 177266946 | J9: 84314799 | K9: 92952147 | L9: 40220035 | M9: 776357 | N9: =+G9/H9 -> 2.6357964 | O9: =J9/I9 -> 0.47563745 | P9: =+L9/M9 -> 51.806109 | Q9: =L9/K9 -> 0.43269614 | R9: =L9/I9 -> 0.22688965
A10: 900673037 | B10: 2020 | C10: SS (CÓDIGO BIEN CON VEHÍCULOS NUEVOS, SALE DE LISTA DE ES DE SUCRE) | D10: MAYORAUTOS EUROCARS S.A.S. | E10: SANTANDER | F10: BUCARAMANGA | G10: 1728495 | H10: 736860 | I10: 1896923 | J10: 890610 | K10: 1006313 | L10: 102515 | M10: 3724 | N10: =+G10/H10 -> 2.3457577 | O10: =J10/I10 -> 0.46950245 | P10: =+L10/M10 -> 27.528195 | Q10: =L10/K10 -> 0.10187188 | R10: =L10/I10 -> 0.054042784
A11: 900780510 | B11: 2020 | C11: SS (CÓDIGO BIEN CON VEHÍCULOS NUEVOS, SALE DE LISTA DE ES DE SUCRE) | D11: AUTOMOTORES TOYOTA COLOMBIA S.A.S | E11: BOGOTA D.C. | F11: BOGOTÁ D.C. | G11: 306667064 | H11: 133093336 | I11: 349661516 | J11: 261064012 | K11: 88597504 | L11: 94096300 | M11: 3185225 | N11: =+G11/H11 -> 2.3041504 | O11: =J11/I11 -> 0.74661923 | P11: =+L11/M11 -> 29.541492 | Q11: =L11/K11 -> 1.0620649 | R11: =L11/I11 -> 0.26910682
A12: 860002576 | B12: 2020 | C12: SS (CÓDIGO BIEN CON VEHÍCULOS NUEVOS, SALE DE LISTA DE ES DE SUCRE) | D12: GECOLSA | E12: BOGOTA D.C. | F12: BOGOTÁ D.C. | G12: 441808388 | H12: 294402576 | I12: 541826407 | J12: 317645192 | K12: 224181215 | L12: 699965 | M12: 117103724 | N12: =+G12/H12 -> 1.5006947 | O12: =J12/I12 -> 0.58624901 | P12: =+L12/M12 -> 0.0059773078 | Q12: =L12/K12 -> 0.0031223178 | R12: =L12/I12 -> 0.0012918621
A13: 890923691 | B13: 2020 | C13: SS (SACADA DE PALMIRA) | D13: RODRIGUEZ Y LONDONO SA | E13: BOGOTA D.C. | F13: BOGOTÁ D.C. | G13: 83900941 | H13: 51348712 | I13: 92806447 | J13: 71608674 | K13: 21197773 | L13: 10321684 | M13: 7900004 | N13: =+G13/H13 -> 1.6339444 | O13: =J13/I13 -> 0.77159159 | P13: =+L13/M13 -> 1.3065416 | Q13: =L13/K13 -> 0.48692304 | R13: =L13/I13 -> 0.11121732
A14: 860403699 | B14: 2020 | C14: SS (CÓDIGO BIEN CON VEHÍCULOS NUEVOS, SALE DE LISTA DE ES DE SUCRE) | D14: IMPORTADORA GRAN ANDINA SAS | E14: BOGOTA D.C. | F14: BOGOTÁ D.C. | G14: 8895613 | H14: 2687595 | I14: 11868183 | J14: 3860417 | K14: 8007766 | L14: 835696 | M14: 0 | N14: =+G14/H14 -> 3.3098785 | O14: =J14/I14 -> 0.32527448 | P14: =+L14/M14 -> #DIV/0! | Q14: =L14/K14 -> 0.10436069 | R14: =L14/I14 -> 0.070414823
A15: 800039398 | B15: 2020 | C15: SS | D15: INGEAL S.A. | E15: BOGOTA D.C. | F15: BOGOTÁ D.C. | G15: 6472593 | H15: 2448972 | I15: 14344566 | J15: 3192535 | K15: 11152031 | L15: 1859795 | M15: 99814 | N15: =+G15/H15 -> 2.6429837 | O15: =J15/I15 -> 0.22256058 | P15: =+L15/M15 -> 18.632607 | Q15: =L15/K15 -> 0.16676738 | R15: =L15/I15 -> 0.12965153
A22: 900411291 | B22: 2020 | C22: SS (PERO ES CÓDIGO 4290 Y NO SÉ DE DÓNDE SALIÓ) | D22: CONSTRUCCIONES Y PAVIMENTOS VIALES DE COLOMBIA SAS | E22: NORTE DE SANTANDER | F22: CÚCUTA | G22: 18962225 | H22: 1476185 | I22: 22784024 | J22: 9350739 | K22: 13433285 | L22: 2025981 | M22: 663769 | N22: =+G22/H22 -> 12.845426 | O22: =J22/I22 -> 0.4104077 | P22: =+L22/M22 -> 3.0522381 | Q22: =L22/K22 -> 0.15081799 | R22: =L22/I22 -> 0.088921123
A23: 900369869 | B23: 2020 | C23: SS (SON MUY DE RECOLECTAR BASURA, NO SÉ DE DÓNDE SALIÓ | D23: ECOEQUIPOS SAS | E23: BOGOTA D.C. | F23: BOGOTÁ D.C. | G23: 3360492 | H23: 1475892 | I23: 3753792 | J23: 2459527 | K23: 1294265 | L23: 195497 | M23: 117861 | N23: =+G23/H23 -> 2.2769227 | O23: =J23/I23 -> 0.65521132 | P23: =+L23/M23 -> 1.6587081 | Q23: =L23/K23 -> 0.15104866 | R23: =L23/I23 -> 0.05207987
A24: 900499033 | C24: SS (SACADO MANUAL DE ES SUCRE, PERO ES MUY ALTO) | D24: ENVITECK S.A.S. | E24: BOGOTA D.C. | F24: BOGOTÁ D.C. | N24: 6.33 | O24: 0.11 | P24: 9.95 | Q24: 0.12 | R24: 0.11
A27: 860403699 | B27: 2020 | C27: SS (CÓDIGO BIEN CON VEHÍCULOS NUEVOS, SALE DE LISTA DE ES DE SUCRE) | D27: IMPORTADORA GRAN ANDINA SAS | E27: BOGOTA D.C. | F27: BOGOTÁ D.C. | G27: 8895613 | H27: 2687595 | I27: 11868183 | J27: 3860417 | K27: 8007766 | L27: 835696 | M27: 0 | N27: =+G27/H27 -> 3.3098785 | O27: =J27/I27 -> 0.32527448 | P27: =+L27/M27 -> #DIV/0! | Q27: =L27/K27 -> 0.10436069 | R27: =L27/I27 -> 0.070414823
A28: 830006901 | B28: 2020 | D28: AUTOMOTORES COMAGRO S.A | E28: BOGOTA D.C. | F28: BOGOTA D.C. | G28: 20230097 | H28: 17992418 | I28: 37558970 | J28: 20306761 | K28: 17252209 | L28: 1899379 | M28: 997757 | N28: =+G28/H28 -> 1.1243679 | O28: =J28/I28 -> 0.54066342 | P28: =+L28/M28 -> 1.9036489 | Q28: =L28/K28 -> 0.11009483 | R28: =L28/I28 -> 0.050570583

Sheet IL
A1: NIT | B1: Razón social | C1: Índice de Liquidez | D1: |dato-mediana| | E1: Puntuación Z Ind liquidez | F1: Índice Ajustado | G1: Winsorización | I1: Percentil | J1: Valor
A2: 890.903.024-1 | B2: COMERCIAL INTERNACIONAL DE EQUIPOS Y MAQUINARIA S.A.S. | C2: =+Datos!N4 -> 1.3204933 | D2: =+IFERROR(ABS(($C$2:$C$1999-MEDIAN($C$2:$C$1999))),"") -> 0.75675571 | E2: =+IFERROR((IF($C2="","",((($C2-MEDIAN($C$2:$C$1999))/MEDIAN($D$2:$D$1999))))),"") -> -1.4994374 | F2: =+IF($C2="","",$C2) -> 1.3204933 | G2: =IF(F2="","",MAX(MIN(F2,PERCENTILE($F$2:$F$196,0.9)),PERCENTILE($F$2:$F$183,0))) -> 1.3204933 | I2: 0 | J2: =+PERCENTILE($F$2:$F$129,$I2) -> 1.3204933
A3: 860002576 | B3: GECOLSA | C3: =+Datos!N12 -> 1.5006947 | D3: =+IFERROR(ABS(($C$2:$C$1999-MEDIAN($C$2:$C$1999))),"") -> 0.57655426 | E3: =+IFERROR((IF($C3="","",((($C3-MEDIAN($C$2:$C$1999))/MEDIAN($D$2:$D$1999))))),"") -> -1.1423858 | F3: =+IF($C3="","",$C3) -> 1.5006947 | G3: =IF(F3="","",MAX(MIN(F3,PERCENTILE($F$2:$F$196,0.9)),PERCENTILE($F$2:$F$183,0))) -> 1.5006947 | I3: 0.05 | J3: =+PERCENTILE($F$2:$F$129,$I3) -> 1.4376242
A4: 830.060.331 - 0 | B4: KOMATSU COLOMBIA S.A.S. | C4: =+Datos!N3 -> 1.6264102 | D4: =+IFERROR(ABS(($C$2:$C$1999-MEDIAN($C$2:$C$1999))),"") -> 0.45083876 | E4: =+IFERROR((IF($C4="","",((($C4-MEDIAN($C$2:$C$1999))/MEDIAN($D$2:$D$1999))))),"") -> -0.89329287 | F4: =+IF($C4="","",$C4) -> 1.6264102 | G4: =IF(F4="","",MAX(MIN(F4,PERCENTILE($F$2:$F$196,0.9)),PERCENTILE($F$2:$F$183,0))) -> 1.6264102 | I4: 0.1 | J4: =+PERCENTILE($F$2:$F$129,$I4) -> 1.5384094
A5: 890923691 | B5: RODRIGUEZ Y LONDONO SA | C5: =+Datos!N13 -> 1.6339444 | D5: =+IFERROR(ABS(($C$2:$C$1999-MEDIAN($C$2:$C$1999))),"") -> 0.44330456 | E5: =+IFERROR((IF($C5="","",((($C5-MEDIAN($C$2:$C$1999))/MEDIAN($D$2:$D$1999))))),"") -> -0.8783646 | F5: =+IF($C5="","",$C5) -> 1.6339444 | G5: =IF(F5="","",MAX(MIN(F5,PERCENTILE($F$2:$F$196,0.9)),PERCENTILE($F$2:$F$183,0))) -> 1.6339444 | I5: 0.15 | J5: =+PERCENTILE($F$2:$F$129,$I5) -> 1.6201244
A6: 900411323-2 | B6: RED COMERCIAL DE LA COSTA S.A.S. | C6: =+Datos!N5 -> 1.7181874 | D6: =+IFERROR(ABS(($C$2:$C$1999-MEDIAN($C$2:$C$1999))),"") -> 0.3590616 | E6: =+IFERROR((IF($C6="","",((($C6-MEDIAN($C$2:$C$1999))/MEDIAN($D$2:$D$1999))))),"") -> -0.71144543 | F6: =+IF($C6="","",$C6) -> 1.7181874 | G6: =IF(F6="","",MAX(MIN(F6,PERCENTILE($F$2:$F$196,0.9)),PERCENTILE($F$2:$F$183,0))) -> 1.7181874 | I6: 0.2 | J6: =+PERCENTILE($F$2:$F$129,$I6) -> 1.6309307
A7: 860506831 | B7: BIOTRONITECH COLOMBIA S.A.S. | C7: =+Datos!N6 -> 1.8044288 | D7: =+IFERROR(ABS(($C$2:$C$1999-MEDIAN($C$2:$C$1999))),"") -> 0.27282012 | E7: =+IFERROR((IF($C7="","",((($C7-MEDIAN($C$2:$C$1999))/MEDIAN($D$2:$D$1999))))),"") -> -0.54056637 | F7: =+IF($C7="","",$C7) -> 1.8044288 | G7: =IF(F7="","",MAX(MIN(F7,PERCENTILE($F$2:$F$196,0.9)),PERCENTILE($F$2:$F$183,0))) -> 1.8044288 | I7: 0.25 | J7: =+PERCENTILE($F$2:$F$129,$I7) -> 1.6550051
A8: 860001307 | B8: DISTRIBUIDORA NISSAN S.A. | C8: =+Datos!N7 -> 1.8503475 | D8: =+IFERROR(ABS(($C$2:$C$1999-MEDIAN($C$2:$C$1999))),"") -> 0.22690144 | E8: =+IFERROR((IF($C8="","",((($C8-MEDIAN($C$2:$C$1999))/MEDIAN($D$2:$D$1999))))),"") -> -0.44958299 | F8: =+IF($C8="","",$C8) -> 1.8503475 | G8: =IF(F8="","",MAX(MIN(F8,PERCENTILE($F$2:$F$196,0.9)),PERCENTILE($F$2:$F$183,0))) -> 1.8503475 | I8: 0.3 | J8: =+PERCENTILE($F$2:$F$129,$I8) -> 1.7097631
A9: 900780510 | B9: AUTOMOTORES TOYOTA COLOMBIA S.A.S | C9: =+Datos!N11 -> 2.3041504 | D9: =+IFERROR(ABS(($C$2:$C$1999-MEDIAN($C$2:$C$1999))),"") -> 0.22690144 | E9: =+IFERROR((IF($C9="","",((($C9-MEDIAN($C$2:$C$1999))/MEDIAN($D$2:$D$1999))))),"") -> 0.44958299 | F9: =+IF($C9="","",$C9) -> 2.3041504 | G9: =IF(F9="","",MAX(MIN(F9,PERCENTILE($F$2:$F$196,0.9)),PERCENTILE($F$2:$F$183,0))) -> 2.3041504 | I9: 0.35 | J9: =+PERCENTILE($F$2:$F$129,$I9) -> 1.7656202
A10: 900673037 | B10: MAYORAUTOS EUROCARS S.A.S. | C10: =+Datos!N10 -> 2.3457577 | D10: =+IFERROR(ABS(($C$2:$C$1999-MEDIAN($C$2:$C$1999))),"") -> 0.26850871 | E10: =+IFERROR((IF($C10="","",((($C10-MEDIAN($C$2:$C$1999))/MEDIAN($D$2:$D$1999))))),"") -> 0.53202372 | F10: =+IF($C10="","",$C10) -> 2.3457577 | G10: =IF(F10="","",MAX(MIN(F10,PERCENTILE($F$2:$F$196,0.9)),PERCENTILE($F$2:$F$183,0))) -> 2.3457577 | I10: 0.4 | J10: =+PERCENTILE($F$2:$F$129,$I10) -> 1.8136126
A11: 900315569 | B11: VOLVO GROUP COLOMBIA S.A.S. | C11: =+Datos!N9 -> 2.6357964 | D11: =+IFERROR(ABS(($C$2:$C$1999-MEDIAN($C$2:$C$1999))),"") -> 0.55854746 | E11: =+IFERROR((IF($C11="","",((($C11-MEDIAN($C$2:$C$1999))/MEDIAN($D$2:$D$1999))))),"") -> 1.1067071 | F11: =+IF($C11="","",$C11) -> 2.6357964 | G11: =IF(F11="","",MAX(MIN(F11,PERCENTILE($F$2:$F$196,0.9)),PERCENTILE($F$2:$F$183,0))) -> 2.6357964 | I11: 0.45 | J11: =+PERCENTILE($F$2:$F$129,$I11) -> 1.8434597
A12: 800039398 | B12: INGEAL S.A. | C12: =+Datos!N15 -> 2.6429837 | D12: =+IFERROR(ABS(($C$2:$C$1999-MEDIAN($C$2:$C$1999))),"") -> 0.5657347 | E12: =+IFERROR((IF($C12="","",((($C12-MEDIAN($C$2:$C$1999))/MEDIAN($D$2:$D$1999))))),"") -> 1.1209479 | F12: =+IF($C12="","",$C12) -> 2.6429837 | G12: =IF(F12="","",MAX(MIN(F12,PERCENTILE($F$2:$F$196,0.9)),PERCENTILE($F$2:$F$183,0))) -> 2.6429837
A13: 900499033 | B13: ENVITECK S.A.S. | C13: =+Datos!N8 -> 3.1849912 | D13: =+IFERROR(ABS(($C$2:$C$1999-MEDIAN($C$2:$C$1999))),"") -> 1.1077423 | E13: =+IFERROR((IF($C13="","",((($C13-MEDIAN($C$2:$C$1999))/MEDIAN($D$2:$D$1999))))),"") -> 2.1948829 | F13: =+IF($C13="","",$C13) -> 3.1849912 | G13: =IF(F13="","",MAX(MIN(F13,PERCENTILE($F$2:$F$196,0.9)),PERCENTILE($F$2:$F$183,0))) -> 3.1849912
A14: 860403699 | B14: IMPORTADORA GRAN ANDINA SAS | C14: =+Datos!N14 -> 3.3098785 | D14: =+IFERROR(ABS(($C$2:$C$1999-MEDIAN($C$2:$C$1999))),"") -> 1.2326296 | E14: =+IFERROR((IF($C14="","",((($C14-MEDIAN($C$2:$C$1999))/MEDIAN($D$2:$D$1999))))),"") -> 2.4423349 | F14: =+IF($C14="","",$C14) -> 3.3098785 | G14: =IF(F14="","",MAX(MIN(F14,PERCENTILE($F$2:$F$196,0.9)),PERCENTILE($F$2:$F$183,0))) -> 3.2724123
A15: 830116807-7 | B15: PARTEQUIPOS MAQUINARIA S.A.S | C15: =+Datos!N2 -> 3.5920524 | D15: =+IFERROR(ABS(($C$2:$C$1999-MEDIAN($C$2:$C$1999))),"") -> 1.5148035 | E15: =+IFERROR((IF($C15="","",((($C15-MEDIAN($C$2:$C$1999))/MEDIAN($D$2:$D$1999))))),"") -> 3.0014348 | F15: =+IF($C15="","",$C15) -> 3.5920524 | G15: =IF(F15="","",MAX(MIN(F15,PERCENTILE($F$2:$F$196,0.9)),PERCENTILE($F$2:$F$183,0))) -> 3.2724123

Sheet NE
A1: NIT | B1: Razón social | C1: Nivel de endeudamiento | D1: |dato-mediana| | E1: Puntuación Z Ind liquidez | F1: Índice Ajustado | G1: Winsorización
A2: 800039398 | B2: INGEAL S.A. | C2: =+Datos!O15 -> 0.22256058 | D2: =+IFERROR(ABS(($C$2:$C$1999-MEDIAN($C$2:$C$1999))),"") -> 0.3214684 | E2: =+IFERROR((IF($C2="","",((($C2-MEDIAN($C$2:$C$1999))/MEDIAN($D$2:$D$1999))))),"") -> -4.4986393 | F2: =+IF($C2="","",$C2) -> 0.22256058 | G2: =IF(F2="","",MAX(MIN(F2,PERCENTILE($F$2:$F$196,1)),PERCENTILE($F$2:$F$183,0))) -> 0.22256058
A3: 900499033 | B3: ENVITECK S.A.S. | C3: =+Datos!O8 -> 0.25581621 | D3: =+IFERROR(ABS(($C$2:$C$1999-MEDIAN($C$2:$C$1999))),"") -> 0.28821278 | E3: =+IFERROR((IF($C3="","",((($C3-MEDIAN($C$2:$C$1999))/MEDIAN($D$2:$D$1999))))),"") -> -4.0332591 | F3: =+IF($C3="","",$C3) -> 0.25581621 | G3: =IF(F3="","",MAX(MIN(F3,PERCENTILE($F$2:$F$196,1)),PERCENTILE($F$2:$F$183,0))) -> 0.25581621
A4: 860403699 | B4: IMPORTADORA GRAN ANDINA SAS | C4: =+Datos!O14 -> 0.32527448 | D4: =+IFERROR(ABS(($C$2:$C$1999-MEDIAN($C$2:$C$1999))),"") -> 0.21875451 | E4: =+IFERROR((IF($C4="","",((($C4-MEDIAN($C$2:$C$1999))/MEDIAN($D$2:$D$1999))))),"") -> -3.0612578 | F4: =+IF($C4="","",$C4) -> 0.32527448 | G4: =IF(F4="","",MAX(MIN(F4,PERCENTILE($F$2:$F$196,1)),PERCENTILE($F$2:$F$183,0))) -> 0.32527448
A5: 900673037 | B5: MAYORAUTOS EUROCARS S.A.S. | C5: =+Datos!O10 -> 0.46950245 | D5: =+IFERROR(ABS(($C$2:$C$1999-MEDIAN($C$2:$C$1999))),"") -> 0.07452653 | E5: =+IFERROR((IF($C5="","",((($C5-MEDIAN($C$2:$C$1999))/MEDIAN($D$2:$D$1999))))),"") -> -1.0429267 | F5: =+IF($C5="","",$C5) -> 0.46950245 | G5: =IF(F5="","",MAX(MIN(F5,PERCENTILE($F$2:$F$196,1)),PERCENTILE($F$2:$F$183,0))) -> 0.46950245
A6: 900315569 | B6: VOLVO GROUP COLOMBIA S.A.S. | C6: =+Datos!O9 -> 0.47563745 | D6: =+IFERROR(ABS(($C$2:$C$1999-MEDIAN($C$2:$C$1999))),"") -> 0.068391528 | E6: =+IFERROR((IF($C6="","",((($C6-MEDIAN($C$2:$C$1999))/MEDIAN($D$2:$D$1999))))),"") -> -0.95707329 | F6: =+IF($C6="","",$C6) -> 0.47563745 | G6: =IF(F6="","",MAX(MIN(F6,PERCENTILE($F$2:$F$196,1)),PERCENTILE($F$2:$F$183,0))) -> 0.47563745
A7: 860001307 | B7: DISTRIBUIDORA NISSAN S.A. | C7: =+Datos!O7 -> 0.47632958 | D7: =+IFERROR(ABS(($C$2:$C$1999-MEDIAN($C$2:$C$1999))),"") -> 0.067699402 | E7: =+IFERROR((IF($C7="","",((($C7-MEDIAN($C$2:$C$1999))/MEDIAN($D$2:$D$1999))))),"") -> -0.94738766 | F7: =+IF($C7="","",$C7) -> 0.47632958 | G7: =IF(F7="","",MAX(MIN(F7,PERCENTILE($F$2:$F$196,1)),PERCENTILE($F$2:$F$183,0))) -> 0.47632958
A8: 830.060.331 - 0 | B8: KOMATSU COLOMBIA S.A.S. | C8: =+Datos!O3 -> 0.54155404 | D8: =+IFERROR(ABS(($C$2:$C$1999-MEDIAN($C$2:$C$1999))),"") -> 0.0024749413 | E8: =+IFERROR((IF($C8="","",((($C8-MEDIAN($C$2:$C$1999))/MEDIAN($D$2:$D$1999))))),"") -> -0.03463441 | F8: =+IF($C8="","",$C8) -> 0.54155404 | G8: =IF(F8="","",MAX(MIN(F8,PERCENTILE($F$2:$F$196,1)),PERCENTILE($F$2:$F$183,0))) -> 0.54155404
A9: 900411323-2 | B9: RED COMERCIAL DE LA COSTA S.A.S. | C9: =+Datos!O5 -> 0.54650392 | D9: =+IFERROR(ABS(($C$2:$C$1999-MEDIAN($C$2:$C$1999))),"") -> 0.0024749413 | E9: =+IFERROR((IF($C9="","",((($C9-MEDIAN($C$2:$C$1999))/MEDIAN($D$2:$D$1999))))),"") -> 0.03463441 | F9: =+IF($C9="","",$C9) -> 0.54650392 | G9: =IF(F9="","",MAX(MIN(F9,PERCENTILE($F$2:$F$196,1)),PERCENTILE($F$2:$F$183,0))) -> 0.54650392
A10: 860506831 | B10: BIOTRONITECH COLOMBIA S.A.S. | C10: =+Datos!O6 -> 0.55427885 | D10: =+IFERROR(ABS(($C$2:$C$1999-MEDIAN($C$2:$C$1999))),"") -> 0.010249868 | E10: =+IFERROR((IF($C10="","",((($C10-MEDIAN($C$2:$C$1999))/MEDIAN($D$2:$D$1999))))),"") -> 0.14343699 | F10: =+IF($C10="","",$C10) -> 0.55427885 | G10: =IF(F10="","",MAX(MIN(F10,PERCENTILE($F$2:$F$196,1)),PERCENTILE($F$2:$F$183,0))) -> 0.55427885
A11: 830116807-7 | B11: PARTEQUIPOS MAQUINARIA S.A.S | C11: =+Datos!O2 -> 0.57589245 | D11: =+IFERROR(ABS(($C$2:$C$1999-MEDIAN($C$2:$C$1999))),"") -> 0.031863465 | E11: =+IFERROR((IF($C11="","",((($C11-MEDIAN($C$2:$C$1999))/MEDIAN($D$2:$D$1999))))),"") -> 0.44589838 | F11: =+IF($C11="","",$C11) -> 0.57589245 | G11: =IF(F11="","",MAX(MIN(F11,PERCENTILE($F$2:$F$196,1)),PERCENTILE($F$2:$F$183,0))) -> 0.57589245
A12: 860002576 | B12: GECOLSA | C12: =+Datos!O12 -> 0.58624901 | D12: =+IFERROR(ABS(($C$2:$C$1999-MEDIAN($C$2:$C$1999))),"") -> 0.042220023 | E12: =+IFERROR((IF($C12="","",((($C12-MEDIAN($C$2:$C$1999))/MEDIAN($D$2:$D$1999))))),"") -> 0.59082838 | F12: =+IF($C12="","",$C12) -> 0.58624901 | G12: =IF(F12="","",MAX(MIN(F12,PERCENTILE($F$2:$F$196,1)),PERCENTILE($F$2:$F$183,0))) -> 0.58624901
A13: 890.903.024-1 | B13: COMERCIAL INTERNACIONAL DE EQUIPOS Y MAQUINARIA S.A.S. | C13: =+Datos!O4 -> 0.62270552 | D13: =+IFERROR(ABS(($C$2:$C$1999-MEDIAN($C$2:$C$1999))),"") -> 0.078676539 | E13: =+IFERROR((IF($C13="","",((($C13-MEDIAN($C$2:$C$1999))/MEDIAN($D$2:$D$1999))))),"") -> 1.1010021 | F13: =+IF($C13="","",$C13) -> 0.62270552 | G13: =IF(F13="","",MAX(MIN(F13,PERCENTILE($F$2:$F$196,1)),PERCENTILE($F$2:$F$183,0))) -> 0.62270552
A14: 900780510 | B14: AUTOMOTORES TOYOTA COLOMBIA S.A.S | C14: =+Datos!O11 -> 0.74661923 | D14: =+IFERROR(ABS(($C$2:$C$1999-MEDIAN($C$2:$C$1999))),"") -> 0.20259025 | E14: =+IFERROR((IF($C14="","",((($C14-MEDIAN($C$2:$C$1999))/MEDIAN($D$2:$D$1999))))),"") -> 2.8350546 | F14: =+IF($C14="","",$C14) -> 0.74661923 | G14: =IF(F14="","",MAX(MIN(F14,PERCENTILE($F$2:$F$196,1)),PERCENTILE($F$2:$F$183,0))) -> 0.74661923
A15: 890923691 | B15: RODRIGUEZ Y LONDONO SA | C15: =+Datos!O13 -> 0.77159159 | D15: =+IFERROR(ABS(($C$2:$C$1999-MEDIAN($C$2:$C$1999))),"") -> 0.22756261 | E15: =+IFERROR((IF($C15="","",((($C15-MEDIAN($C$2:$C$1999))/MEDIAN($D$2:$D$1999))))),"") -> 3.1845186 | F15: =+IF($C15="","",$C15) -> 0.77159159 | G15: =IF(F15="","",MAX(MIN(F15,PERCENTILE($F$2:$F$196,1)),PERCENTILE($F$2:$F$183,0))) -> 0.77159159

Sheet RCI
A1: NIT | B1: Razón social | C1: Razón de cobertura de intereses | D1: |dato-mediana| | E1: Puntuación Z Ind liquidez | F1: Índice Ajustado | G1: Winsorización
A2: 860002576 | B2: GECOLSA | C2: =+Datos!P12 -> 0.0059773078 | D2: =+IFERROR(ABS(($C$2:$C$1999-MEDIAN($C$2:$C$1999))),"") -> 8.5741216 | E2: =+IFERROR((IF($C2="","",((($C2-MEDIAN($C$2:$C$1999))/MEDIAN($D$2:$D$1999))))),"") -> -1.10986 | F2: =+IF($C2="","",$C2) -> 0.0059773078 | G2: =IF(F2="","",MAX(MIN(F2,PERCENTILE($F$2:$F$196,0.78)),PERCENTILE($F$2:$F$183,0))) -> 0.0059773078
A3: 860001307 | B3: DISTRIBUIDORA NISSAN S.A. | C3: =+Datos!P7 -> 0.40283934 | D3: =+IFERROR(ABS(($C$2:$C$1999-MEDIAN($C$2:$C$1999))),"") -> 8.1772595 | E3: =+IFERROR((IF($C3="","",((($C3-MEDIAN($C$2:$C$1999))/MEDIAN($D$2:$D$1999))))),"") -> -1.058489 | F3: =+IF($C3="","",$C3) -> 0.40283934 | G3: =IF(F3="","",MAX(MIN(F3,PERCENTILE($F$2:$F$196,0.78)),PERCENTILE($F$2:$F$183,0))) -> 0.40283934
A4: 890923691 | B4: RODRIGUEZ Y LONDONO SA | C4: =+Datos!P13 -> 1.3065416 | D4: =+IFERROR(ABS(($C$2:$C$1999-MEDIAN($C$2:$C$1999))),"") -> 7.2735573 | E4: =+IFERROR((IF($C4="","",((($C4-MEDIAN($C$2:$C$1999))/MEDIAN($D$2:$D$1999))))),"") -> -0.94151104 | F4: =+IF($C4="","",$C4) -> 1.3065416 | G4: =IF(F4="","",MAX(MIN(F4,PERCENTILE($F$2:$F$196,0.78)),PERCENTILE($F$2:$F$183,0))) -> 1.3065416
A5: 830.060.331 - 0 | B5: KOMATSU COLOMBIA S.A.S. | C5: =+Datos!P3 -> 1.3441563 | D5: =+IFERROR(ABS(($C$2:$C$1999-MEDIAN($C$2:$C$1999))),"") -> 7.2359426 | E5: =+IFERROR((IF($C5="","",((($C5-MEDIAN($C$2:$C$1999))/MEDIAN($D$2:$D$1999))))),"") -> -0.93664208 | F5: =+IF($C5="","",$C5) -> 1.3441563 | G5: =IF(F5="","",MAX(MIN(F5,PERCENTILE($F$2:$F$196,0.78)),PERCENTILE($F$2:$F$183,0))) -> 1.3441563
A6: 890.903.024-1 | B6: COMERCIAL INTERNACIONAL DE EQUIPOS Y MAQUINARIA S.A.S. | C6: =+Datos!P4 -> 4.999139 | D6: =+IFERROR(ABS(($C$2:$C$1999-MEDIAN($C$2:$C$1999))),"") -> 3.5809599 | E6: =+IFERROR((IF($C6="","",((($C6-MEDIAN($C$2:$C$1999))/MEDIAN($D$2:$D$1999))))),"") -> -0.46353018 | F6: =+IF($C6="","",$C6) -> 4.999139 | G6: =IF(F6="","",MAX(MIN(F6,PERCENTILE($F$2:$F$196,0.78)),PERCENTILE($F$2:$F$183,0))) -> 4.999139
A7: 900411323-2 | B7: RED COMERCIAL DE LA COSTA S.A.S. | C7: =+Datos!P5 -> 5.7880949 | D7: =+IFERROR(ABS(($C$2:$C$1999-MEDIAN($C$2:$C$1999))),"") -> 2.792004 | E7: =+IFERROR((IF($C7="","",((($C7-MEDIAN($C$2:$C$1999))/MEDIAN($D$2:$D$1999))))),"") -> -0.36140536 | F7: =+IF($C7="","",$C7) -> 5.7880949 | G7: =IF(F7="","",MAX(MIN(F7,PERCENTILE($F$2:$F$196,0.78)),PERCENTILE($F$2:$F$183,0))) -> 5.7880949
A8: 900499033 | B8: ENVITECK S.A.S. | C8: =+Datos!P8 -> 8.5800989 | D8: =+IFERROR(ABS(($C$2:$C$1999-MEDIAN($C$2:$C$1999))),"") -> 0 | E8: =+IFERROR((IF($C8="","",((($C8-MEDIAN($C$2:$C$1999))/MEDIAN($D$2:$D$1999))))),"") -> 0 | F8: =+IF($C8="","",$C8) -> 8.5800989 | G8: =IF(F8="","",MAX(MIN(F8,PERCENTILE($F$2:$F$196,0.78)),PERCENTILE($F$2:$F$183,0))) -> 8.5800989
A9: 830116807-7 | B9: PARTEQUIPOS MAQUINARIA S.A.S | C9: =+Datos!P2 -> 9.1498447 | D9: =+IFERROR(ABS(($C$2:$C$1999-MEDIAN($C$2:$C$1999))),"") -> 0.56974579 | E9: =+IFERROR((IF($C9="","",((($C9-MEDIAN($C$2:$C$1999))/MEDIAN($D$2:$D$1999))))),"") -> 0.073749601 | F9: =+IF($C9="","",$C9) -> 9.1498447 | G9: =IF(F9="","",MAX(MIN(F9,PERCENTILE($F$2:$F$196,0.78)),PERCENTILE($F$2:$F$183,0))) -> 9.1498447
A10: 860506831 | B10: BIOTRONITECH COLOMBIA S.A.S. | C10: =+Datos!P6 -> 12.251279 | D10: =+IFERROR(ABS(($C$2:$C$1999-MEDIAN($C$2:$C$1999))),"") -> 3.6711798 | E10: =+IFERROR((IF($C10="","",((($C10-MEDIAN($C$2:$C$1999))/MEDIAN($D$2:$D$1999))))),"") -> 0.47520851 | F10: =+IF($C10="","",$C10) -> 12.251279 | G10: =IF(F10="","",MAX(MIN(F10,PERCENTILE($F$2:$F$196,0.78)),PERCENTILE($F$2:$F$183,0))) -> 12.251279
A11: 800039398 | B11: INGEAL S.A. | C11: =+Datos!P15 -> 18.632607 | D11: =+IFERROR(ABS(($C$2:$C$1999-MEDIAN($C$2:$C$1999))),"") -> 10.052508 | E11: =+IFERROR((IF($C11="","",((($C11-MEDIAN($C$2:$C$1999))/MEDIAN($D$2:$D$1999))))),"") -> 1.3012267 | F11: =+IF($C11="","",$C11) -> 18.632607 | G11: =IF(F11="","",MAX(MIN(F11,PERCENTILE($F$2:$F$196,0.78)),PERCENTILE($F$2:$F$183,0))) -> 18.632607
A12: 900673037 | B12: MAYORAUTOS EUROCARS S.A.S. | C12: =+Datos!P10 -> 27.528195 | D12: =+IFERROR(ABS(($C$2:$C$1999-MEDIAN($C$2:$C$1999))),"") -> 18.948097 | E12: =+IFERROR((IF($C12="","",((($C12-MEDIAN($C$2:$C$1999))/MEDIAN($D$2:$D$1999))))),"") -> 2.4526984 | F12: =+IF($C12="","",$C12) -> 27.528195 | G12: =IF(F12="","",MAX(MIN(F12,PERCENTILE($F$2:$F$196,0.78)),PERCENTILE($F$2:$F$183,0))) -> 21.835019
A13: 900780510 | B13: AUTOMOTORES TOYOTA COLOMBIA S.A.S | C13: =+Datos!P11 -> 29.541492 | D13: =+IFERROR(ABS(($C$2:$C$1999-MEDIAN($C$2:$C$1999))),"") -> 20.961393 | E13: =+IFERROR((IF($C13="","",((($C13-MEDIAN($C$2:$C$1999))/MEDIAN($D$2:$D$1999))))),"") -> 2.7133055 | F13: =+IF($C13="","",$C13) -> 29.541492 | G13: =IF(F13="","",MAX(MIN(F13,PERCENTILE($F$2:$F$196,0.78)),PERCENTILE($F$2:$F$183,0))) -> 21.835019
A14: 900315569 | B14: VOLVO GROUP COLOMBIA S.A.S. | C14: =+Datos!P9 -> 51.806109 | D14: =+IFERROR(ABS(($C$2:$C$1999-MEDIAN($C$2:$C$1999))),"") -> 43.22601 | E14: =+IFERROR((IF($C14="","",((($C14-MEDIAN($C$2:$C$1999))/MEDIAN($D$2:$D$1999))))),"") -> 5.5953041 | F14: =+IF($C14="","",$C14) -> 51.806109 | G14: =IF(F14="","",MAX(MIN(F14,PERCENTILE($F$2:$F$196,0.78)),PERCENTILE($F$2:$F$183,0))) -> 21.835019
A15: 860403699 | B15: IMPORTADORA GRAN ANDINA SAS | D15: =+IFERROR(ABS(($C$2:$C$1999-MEDIAN($C$2:$C$1999))),"") -> 8.5800989 | E15: =+IFERROR((IF($C15="","",((($C15-MEDIAN($C$2:$C$1999))/MEDIAN($D$2:$D$1999))))),"") | F15: =+IF($C15="","",$C15) | G15: =IF(F15="","",MAX(MIN(F15,PERCENTILE($F$2:$F$196,0.78)),PERCENTILE($F$2:$F$183,0)))

Sheet RP
A1: NIT | B1: Razón social | C1: Rentabilidad del patrimonio | D1: |dato-mediana| | E1: Puntuación Z Ind liquidez | F1: Índice Ajustado | G1: Winsorización
A2: 860002576 | B2: GECOLSA | C2: =+Datos!Q12 -> 0.0031223178 | D2: =+IFERROR(ABS(($C$2:$C$1993-MEDIAN($C$2:$C$1993))),"") -> 0.18590321 | E2: =+IFERROR((IF($C2="","",((($C2-MEDIAN($C$2:$C$1993))/MEDIAN($D$2:$D$1993))))),"") -> -1.5261409 | F2: =+IF($C2="","",$C2) -> 0.0031223178 | G2: =IF(F2="","",MAX(MIN(F2,PERCENTILE($F$2:$F$196,1)),PERCENTILE($F$2:$F$183,0))) -> 0.0031223178
A3: 830.060.331 - 0 | B3: KOMATSU COLOMBIA S.A.S. | C3: =+Datos!Q3 -> 0.038559252 | D3: =+IFERROR(ABS(($C$2:$C$1993-MEDIAN($C$2:$C$1993))),"") -> 0.15046628 | E3: =+IFERROR((IF($C3="","",((($C3-MEDIAN($C$2:$C$1993))/MEDIAN($D$2:$D$1993))))),"") -> -1.2352274 | F3: =+IF($C3="","",$C3) -> 0.038559252 | G3: =IF(F3="","",MAX(MIN(F3,PERCENTILE($F$2:$F$196,1)),PERCENTILE($F$2:$F$183,0))) -> 0.038559252
A4: 860001307 | B4: DISTRIBUIDORA NISSAN S.A. | C4: =+Datos!Q7 -> 0.055052168 | D4: =+IFERROR(ABS(($C$2:$C$1993-MEDIAN($C$2:$C$1993))),"") -> 0.13397336 | E4: =+IFERROR((IF($C4="","",((($C4-MEDIAN($C$2:$C$1993))/MEDIAN($D$2:$D$1993))))),"") -> -1.0998316 | F4: =+IF($C4="","",$C4) -> 0.055052168 | G4: =IF(F4="","",MAX(MIN(F4,PERCENTILE($F$2:$F$196,1)),PERCENTILE($F$2:$F$183,0))) -> 0.055052168
A5: 890.903.024-1 | B5: COMERCIAL INTERNACIONAL DE EQUIPOS Y MAQUINARIA S.A.S. | C5: =+Datos!Q4 -> 0.083864344 | D5: =+IFERROR(ABS(($C$2:$C$1993-MEDIAN($C$2:$C$1993))),"") -> 0.10516118 | E5: =+IFERROR((IF($C5="","",((($C5-MEDIAN($C$2:$C$1993))/MEDIAN($D$2:$D$1993))))),"") -> -0.86330291 | F5: =+IF($C5="","",$C5) -> 0.083864344 | G5: =IF(F5="","",MAX(MIN(F5,PERCENTILE($F$2:$F$196,1)),PERCENTILE($F$2:$F$183,0))) -> 0.083864344
A6: 900673037 | B6: MAYORAUTOS EUROCARS S.A.S. | C6: =+Datos!Q10 -> 0.10187188 | D6: =+IFERROR(ABS(($C$2:$C$1993-MEDIAN($C$2:$C$1993))),"") -> 0.087153646 | E6: =+IFERROR((IF($C6="","",((($C6-MEDIAN($C$2:$C$1993))/MEDIAN($D$2:$D$1993))))),"") -> -0.71547308 | F6: =+IF($C6="","",$C6) -> 0.10187188 | G6: =IF(F6="","",MAX(MIN(F6,PERCENTILE($F$2:$F$196,1)),PERCENTILE($F$2:$F$183,0))) -> 0.10187188
A7: 860403699 | B7: IMPORTADORA GRAN ANDINA SAS | C7: =+Datos!Q14 -> 0.10436069 | D7: =+IFERROR(ABS(($C$2:$C$1993-MEDIAN($C$2:$C$1993))),"") -> 0.084664837 | E7: =+IFERROR((IF($C7="","",((($C7-MEDIAN($C$2:$C$1993))/MEDIAN($D$2:$D$1993))))),"") -> -0.69504162 | F7: =+IF($C7="","",$C7) -> 0.10436069 | G7: =IF(F7="","",MAX(MIN(F7,PERCENTILE($F$2:$F$196,1)),PERCENTILE($F$2:$F$183,0))) -> 0.10436069
A8: 800039398 | B8: INGEAL S.A. | C8: =+Datos!Q15 -> 0.16676738 | D8: =+IFERROR(ABS(($C$2:$C$1993-MEDIAN($C$2:$C$1993))),"") -> 0.022258148 | E8: =+IFERROR((IF($C8="","",((($C8-MEDIAN($C$2:$C$1993))/MEDIAN($D$2:$D$1993))))),"") -> -0.18272449 | F8: =+IF($C8="","",$C8) -> 0.16676738 | G8: =IF(F8="","",MAX(MIN(F8,PERCENTILE($F$2:$F$196,1)),PERCENTILE($F$2:$F$183,0))) -> 0.16676738
A9: 830116807-7 | B9: PARTEQUIPOS MAQUINARIA S.A.S | C9: =+Datos!Q2 -> 0.21128368 | D9: =+IFERROR(ABS(($C$2:$C$1993-MEDIAN($C$2:$C$1993))),"") -> 0.022258148 | E9: =+IFERROR((IF($C9="","",((($C9-MEDIAN($C$2:$C$1993))/MEDIAN($D$2:$D$1993))))),"") -> 0.18272449 | F9: =+IF($C9="","",$C9) -> 0.21128368 | G9: =IF(F9="","",MAX(MIN(F9,PERCENTILE($F$2:$F$196,1)),PERCENTILE($F$2:$F$183,0))) -> 0.21128368
A10: 900499033 | B10: ENVITECK S.A.S. | C10: =+Datos!Q8 -> 0.265734 | D10: =+IFERROR(ABS(($C$2:$C$1993-MEDIAN($C$2:$C$1993))),"") -> 0.076708474 | E10: =+IFERROR((IF($C10="","",((($C10-MEDIAN($C$2:$C$1993))/MEDIAN($D$2:$D$1993))))),"") -> 0.62972521 | F10: =+IF($C10="","",$C10) -> 0.265734 | G10: =IF(F10="","",MAX(MIN(F10,PERCENTILE($F$2:$F$196,1)),PERCENTILE($F$2:$F$183,0))) -> 0.265734
A11: 900411323-2 | B11: RED COMERCIAL DE LA COSTA S.A.S. | C11: =+Datos!Q5 -> 0.2986774 | D11: =+IFERROR(ABS(($C$2:$C$1993-MEDIAN($C$2:$C$1993))),"") -> 0.10965187 | E11: =+IFERROR((IF($C11="","",((($C11-MEDIAN($C$2:$C$1993))/MEDIAN($D$2:$D$1993))))),"") -> 0.90016842 | F11: =+IF($C11="","",$C11) -> 0.2986774 | G11: =IF(F11="","",MAX(MIN(F11,PERCENTILE($F$2:$F$196,1)),PERCENTILE($F$2:$F$183,0))) -> 0.2986774
A12: 900315569 | B12: VOLVO GROUP COLOMBIA S.A.S. | C12: =+Datos!Q9 -> 0.43269614 | D12: =+IFERROR(ABS(($C$2:$C$1993-MEDIAN($C$2:$C$1993))),"") -> 0.24367061 | E12: =+IFERROR((IF($C12="","",((($C12-MEDIAN($C$2:$C$1993))/MEDIAN($D$2:$D$1993))))),"") -> 2.0003726 | F12: =+IF($C12="","",$C12) -> 0.43269614 | G12: =IF(F12="","",MAX(MIN(F12,PERCENTILE($F$2:$F$196,1)),PERCENTILE($F$2:$F$183,0))) -> 0.43269614
A13: 890923691 | B13: RODRIGUEZ Y LONDONO SA | C13: =+Datos!Q13 -> 0.48692304 | D13: =+IFERROR(ABS(($C$2:$C$1993-MEDIAN($C$2:$C$1993))),"") -> 0.29789751 | E13: =+IFERROR((IF($C13="","",((($C13-MEDIAN($C$2:$C$1993))/MEDIAN($D$2:$D$1993))))),"") -> 2.4455391 | F13: =+IF($C13="","",$C13) -> 0.48692304 | G13: =IF(F13="","",MAX(MIN(F13,PERCENTILE($F$2:$F$196,1)),PERCENTILE($F$2:$F$183,0))) -> 0.48692304
A14: 860506831 | B14: BIOTRONITECH COLOMBIA S.A.S. | C14: =+Datos!Q6 -> 0.59211444 | D14: =+IFERROR(ABS(($C$2:$C$1993-MEDIAN($C$2:$C$1993))),"") -> 0.40308892 | E14: =+IFERROR((IF($C14="","",((($C14-MEDIAN($C$2:$C$1993))/MEDIAN($D$2:$D$1993))))),"") -> 3.3090901 | F14: =+IF($C14="","",$C14) -> 0.59211444 | G14: =IF(F14="","",MAX(MIN(F14,PERCENTILE($F$2:$F$196,1)),PERCENTILE($F$2:$F$183,0))) -> 0.59211444
A15: 900780510 | B15: AUTOMOTORES TOYOTA COLOMBIA S.A.S | C15: =+Datos!Q11 -> 1.0620649 | D15: =+IFERROR(ABS(($C$2:$C$1993-MEDIAN($C$2:$C$1993))),"") -> 0.87303938 | E15: =+IFERROR((IF($C15="","",((($C15-MEDIAN($C$2:$C$1993))/MEDIAN($D$2:$D$1993))))),"") -> 7.1670688 | F15: =+IF($C15="","",$C15) -> 1.0620649 | G15: =IF(F15="","",MAX(MIN(F15,PERCENTILE($F$2:$F$196,1)),PERCENTILE($F$2:$F$183,0))) -> 1.0620649

Sheet RA
A1: NIT | B1: Razón social | C1: Rentabilidad del activo | D1: |dato-mediana| | E1: Puntuación Z Ind liquidez | F1: Índice Ajustado | G1: Winsorización
A2: 860002576 | B2: GECOLSA | C2: =+Datos!R12 -> 0.0012918621 | D2: =+IFERROR(ABS(($C$2:$C$1994-MEDIAN($C$2:$C$1994))),"") -> 0.099120298 | E2: =+IFERROR((IF($C2="","",((($C2-MEDIAN($C$2:$C$1999))/MEDIAN($D$2:$D$1994))))),"") -> -1.4124371 | F2: =+IF($C2="","",$C2) -> 0.0012918621 | G2: =IF(F2="","",MAX(MIN(F2,PERCENTILE($F$2:$F$196,1)),PERCENTILE($F$2:$F$183,0))) -> 0.0012918621
A3: 830.060.331 - 0 | B3: KOMATSU COLOMBIA S.A.S. | C3: =+Datos!R3 -> 0.017677333 | D3: =+IFERROR(ABS(($C$2:$C$1994-MEDIAN($C$2:$C$1994))),"") -> 0.082734827 | E3: =+IFERROR((IF($C3="","",((($C3-MEDIAN($C$2:$C$1999))/MEDIAN($D$2:$D$1994))))),"") -> -1.1789486 | F3: =+IF($C3="","",$C3) -> 0.017677333 | G3: =IF(F3="","",MAX(MIN(F3,PERCENTILE($F$2:$F$196,1)),PERCENTILE($F$2:$F$183,0))) -> 0.017677333
A4: 860001307 | B4: DISTRIBUIDORA NISSAN S.A. | C4: =+Datos!R7 -> 0.028829192 | D4: =+IFERROR(ABS(($C$2:$C$1994-MEDIAN($C$2:$C$1994))),"") -> 0.071582968 | E4: =+IFERROR((IF($C4="","",((($C4-MEDIAN($C$2:$C$1999))/MEDIAN($D$2:$D$1994))))),"") -> -1.0200377 | F4: =+IF($C4="","",$C4) -> 0.028829192 | G4: =IF(F4="","",MAX(MIN(F4,PERCENTILE($F$2:$F$196,1)),PERCENTILE($F$2:$F$183,0))) -> 0.028829192
A5: 890.903.024-1 | B5: COMERCIAL INTERNACIONAL DE EQUIPOS Y MAQUINARIA S.A.S. | C5: =+Datos!R4 -> 0.031641554 | D5: =+IFERROR(ABS(($C$2:$C$1994-MEDIAN($C$2:$C$1994))),"") -> 0.068770606 | E5: =+IFERROR((IF($C5="","",((($C5-MEDIAN($C$2:$C$1999))/MEDIAN($D$2:$D$1994))))),"") -> -0.97996231 | F5: =+IF($C5="","",$C5) -> 0.031641554 | G5: =IF(F5="","",MAX(MIN(F5,PERCENTILE($F$2:$F$196,1)),PERCENTILE($F$2:$F$183,0))) -> 0.031641554
A6: 900673037 | B6: MAYORAUTOS EUROCARS S.A.S. | C6: =+Datos!R10 -> 0.054042784 | D6: =+IFERROR(ABS(($C$2:$C$1994-MEDIAN($C$2:$C$1994))),"") -> 0.046369376 | E6: =+IFERROR((IF($C6="","",((($C6-MEDIAN($C$2:$C$1999))/MEDIAN($D$2:$D$1994))))),"") -> -0.66075091 | F6: =+IF($C6="","",$C6) -> 0.054042784 | G6: =IF(F6="","",MAX(MIN(F6,PERCENTILE($F$2:$F$196,1)),PERCENTILE($F$2:$F$183,0))) -> 0.054042784
A7: 860403699 | B7: IMPORTADORA GRAN ANDINA SAS | C7: =+Datos!R14 -> 0.070414823 | D7: =+IFERROR(ABS(($C$2:$C$1994-MEDIAN($C$2:$C$1994))),"") -> 0.029997337 | E7: =+IFERROR((IF($C7="","",((($C7-MEDIAN($C$2:$C$1999))/MEDIAN($D$2:$D$1994))))),"") -> -0.42745384 | F7: =+IF($C7="","",$C7) -> 0.070414823 | G7: =IF(F7="","",MAX(MIN(F7,PERCENTILE($F$2:$F$196,1)),PERCENTILE($F$2:$F$183,0))) -> 0.070414823
A8: 830116807-7 | B8: PARTEQUIPOS MAQUINARIA S.A.S | C8: =+Datos!R2 -> 0.089607003 | D8: =+IFERROR(ABS(($C$2:$C$1994-MEDIAN($C$2:$C$1994))),"") -> 0.010805157 | E8: =+IFERROR((IF($C8="","",((($C8-MEDIAN($C$2:$C$1999))/MEDIAN($D$2:$D$1994))))),"") -> -0.15397053 | F8: =+IF($C8="","",$C8) -> 0.089607003 | G8: =IF(F8="","",MAX(MIN(F8,PERCENTILE($F$2:$F$196,1)),PERCENTILE($F$2:$F$183,0))) -> 0.089607003
A9: 890923691 | B9: RODRIGUEZ Y LONDONO SA | C9: =+Datos!R13 -> 0.11121732 | D9: =+IFERROR(ABS(($C$2:$C$1994-MEDIAN($C$2:$C$1994))),"") -> 0.010805157 | E9: =+IFERROR((IF($C9="","",((($C9-MEDIAN($C$2:$C$1999))/MEDIAN($D$2:$D$1994))))),"") -> 0.15397053 | F9: =+IF($C9="","",$C9) -> 0.11121732 | G9: =IF(F9="","",MAX(MIN(F9,PERCENTILE($F$2:$F$196,1)),PERCENTILE($F$2:$F$183,0))) -> 0.11121732
A10: 800039398 | B10: INGEAL S.A. | C10: =+Datos!R15 -> 0.12965153 | D10: =+IFERROR(ABS(($C$2:$C$1994-MEDIAN($C$2:$C$1994))),"") -> 0.029239375 | E10: =+IFERROR((IF($C10="","",((($C10-MEDIAN($C$2:$C$1999))/MEDIAN($D$2:$D$1994))))),"") -> 0.41665309 | F10: =+IF($C10="","",$C10) -> 0.12965153 | G10: =IF(F10="","",MAX(MIN(F10,PERCENTILE($F$2:$F$196,1)),PERCENTILE($F$2:$F$183,0))) -> 0.12965153
A11: 900411323-2 | B11: RED COMERCIAL DE LA COSTA S.A.S. | C11: =+Datos!R5 -> 0.13544903 | D11: =+IFERROR(ABS(($C$2:$C$1994-MEDIAN($C$2:$C$1994))),"") -> 0.035036867 | E11: =+IFERROR((IF($C11="","",((($C11-MEDIAN($C$2:$C$1999))/MEDIAN($D$2:$D$1994))))),"") -> 0.49926577 | F11: =+IF($C11="","",$C11) -> 0.13544903 | G11: =IF(F11="","",MAX(MIN(F11,PERCENTILE($F$2:$F$196,1)),PERCENTILE($F$2:$F$183,0))) -> 0.13544903
A12: 900499033 | B12: ENVITECK S.A.S. | C12: =+Datos!R8 -> 0.19775494 | D12: =+IFERROR(ABS(($C$2:$C$1994-MEDIAN($C$2:$C$1994))),"") -> 0.097342779 | E12: =+IFERROR((IF($C12="","",((($C12-MEDIAN($C$2:$C$1999))/MEDIAN($D$2:$D$1994))))),"") -> 1.387108 | F12: =+IF($C12="","",$C12) -> 0.19775494 | G12: =IF(F12="","",MAX(MIN(F12,PERCENTILE($F$2:$F$196,1)),PERCENTILE($F$2:$F$183,0))) -> 0.19775494
A13: 900315569 | B13: VOLVO GROUP COLOMBIA S.A.S. | C13: =+Datos!R9 -> 0.22688965 | D13: =+IFERROR(ABS(($C$2:$C$1994-MEDIAN($C$2:$C$1994))),"") -> 0.12647749 | E13: =+IFERROR((IF($C13="","",((($C13-MEDIAN($C$2:$C$1999))/MEDIAN($D$2:$D$1994))))),"") -> 1.8022696 | F13: =+IF($C13="","",$C13) -> 0.22688965 | G13: =IF(F13="","",MAX(MIN(F13,PERCENTILE($F$2:$F$196,1)),PERCENTILE($F$2:$F$183,0))) -> 0.22688965
A14: 860506831 | B14: BIOTRONITECH COLOMBIA S.A.S. | C14: =+Datos!R6 -> 0.26391793 | D14: =+IFERROR(ABS(($C$2:$C$1994-MEDIAN($C$2:$C$1994))),"") -> 0.16350577 | E14: =+IFERROR((IF($C14="","",((($C14-MEDIAN($C$2:$C$1999))/MEDIAN($D$2:$D$1994))))),"") -> 2.3299125 | F14: =+IF($C14="","",$C14) -> 0.26391793 | G14: =IF(F14="","",MAX(MIN(F14,PERCENTILE($F$2:$F$196,1)),PERCENTILE($F$2:$F$183,0))) -> 0.26391793
A15: 900780510 | B15: AUTOMOTORES TOYOTA COLOMBIA S.A.S | C15: =+Datos!R11 -> 0.26910682 | D15: =+IFERROR(ABS(($C$2:$C$1994-MEDIAN($C$2:$C$1994))),"") -> 0.16869466 | E15: =+IFERROR((IF($C15="","",((($C15-MEDIAN($C$2:$C$1999))/MEDIAN($D$2:$D$1994))))),"") -> 2.4038528 | F15: =+IF($C15="","",$C15) -> 0.26910682 | G15: =IF(F15="","",MAX(MIN(F15,PERCENTILE($F$2:$F$196,1)),PERCENTILE($F$2:$F$183,0))) -> 0.26910682

Sheet Estadísticas
A1: Método de la desviación estándar
B2: Índice de Liquidez | C2: Nivel de endeudamiento | D2: Razón de Cobertura de Intereses | E2: Rentabilidad del Patrimonio | F2: Rentabilidad del Activo
A3: Tamaño de la muestra | B3: =+COUNT(IL!G2:G15) -> 14 | C3: =+COUNT(NE!G5:G14) -> 10 | D3: =+COUNT(RCI!G2:G13) -> 12 | E3: =+COUNT(RP!G2:G13) -> 12 | F3: =+COUNT(RA!G2:G15) -> 14
A4: Mínimo | B4: =+MIN(IL!G2:G15) -> 1.3204933 | C4: =+MIN(NE!G5:G14) -> 0.46950245 | D4: =+MIN(RCI!G2:G13) -> 0.0059773078 | E4: =+MIN(RP!G2:G13) -> 0.0031223178 | F4: =+MIN(RA!G2:G15) -> 0.0012918621
A5: Máximo | B5: =+MAX(IL!G2:G15) -> 3.2724123 | C5: =+MAX(NE!G5:G14) -> 0.74661923 | D5: =+MAX(RCI!G2:G13) -> 21.835019 | E5: =+MAX(RP!G2:G13) -> 0.48692304 | F5: =+MAX(RA!G2:G15) -> 0.26910682
A6: Mediana | B6: =+MEDIAN(IL!G2:G15) -> 2.077249 | C6: =+MEDIAN(NE!G5:G14) -> 0.55039139 | D6: =+MEDIAN(RCI!G2:G13) -> 7.1840969 | E6: =+MEDIAN(RP!G2:G13) -> 0.13556404 | F6: =+MEDIAN(RA!G2:G15) -> 0.10041216
A7: Promedio | B7: =+AVERAGE(IL!G2:G15) -> 2.2223579 | C7: =+AVERAGE(NE!G5:G14) -> 0.55952725 | D7: =+AVERAGE(RCI!G2:G13) -> 8.8442179 | E7: =+AVERAGE(RP!G2:G13) -> 0.18740936 | F7: =+AVERAGE(RA!G2:G15) -> 0.11624941
A8: Desviación estándar | B8: =STDEVA(IL!G2:G15) -> 0.68525417 | C8: =STDEVA(NE!G5:G14) -> 0.083373842 | D8: =STDEVA(RCI!G2:G13) -> 8.155695 | E8: =STDEVA(RP!G2:G13) -> 0.1560761 | F8: =STDEVA(RA!G2:G15) -> 0.091585238
A9: limite inferior | B9: =IFERROR(B7-B8,"") -> 1.5371037 | C9: =IFERROR(C7-C8,"") -> 0.47615341 | D9: =IFERROR(D7-D8,"") -> 0.68852289 | E9: =IFERROR(E7-E8,"") -> 0.031333253 | F9: =IFERROR(F7-F8,"") -> 0.024664174
A10: limite superior | B10: =IFERROR(B7+B8,"") -> 2.9076121 | C10: =IFERROR(C7+C8,"") -> 0.64290109 | D10: =IFERROR(D7+D8,"") -> 16.999913 | E10: =IFERROR(E7+E8,"") -> 0.34348546 | F10: =IFERROR(F7+F8,"") -> 0.20783465
A12: Método del intervalo de confianza
B13: Índice de Liquidez | C13: Nivel de endeudamiento | D13: Razón de Cobertura de Intereses | E13: Rentabilidad del Patrimonio | F13: Rentabilidad del Activo
A14: Tamaño de la muestra | B14: =+COUNT(IL!G2:G15) -> 14 | C14: =+COUNT(NE!G5:G14) -> 10 | D14: =+COUNT(RCI!G2:G13) -> 12 | E14: =+COUNT(RP!G2:G13) -> 12 | F14: =COUNT(RA!G2:G15) -> 14
A15: Mínimo | B15: =+MIN(IL!G2:G15) -> 1.3204933 | C15: =+MIN(NE!G5:G14) -> 0.46950245 | D15: =+MIN(RCI!G2:G13) -> 0.0059773078 | E15: =+MIN(RP!G2:G13) -> 0.0031223178 | F15: =+MIN(RA!G2:G15) -> 0.0012918621
A16: Máximo | B16: =+MAX(IL!G2:G15) -> 3.2724123 | C16: =+MAX(NE!G5:G14) -> 0.74661923 | D16: =+MAX(RCI!G2:G13) -> 21.835019 | E16: =+MAX(RP!G2:G13) -> 0.48692304 | F16: =+MAX(RA!G2:G15) -> 0.26910682
A17: Mediana | B17: =+MEDIAN(IL!G2:G15) -> 2.077249 | C17: =+MEDIAN(NE!G5:G14) -> 0.55039139 | D17: =+MEDIAN(RCI!G2:G13) -> 7.1840969 | E17: =+MEDIAN(RP!G2:G13) -> 0.13556404 | F17: =+MEDIAN(RA!G2:G15) -> 0.10041216
A18: Promedio | B18: =+AVERAGE(IL!G2:G15) -> 2.2223579 | C18: =+AVERAGE(NE!G5:G14) -> 0.55952725 | D18: =+AVERAGE(RCI!G2:G13) -> 8.8442179 | E18: =+AVERAGE(RP!G2:G13) -> 0.18740936 | F18: =+AVERAGE(RA!G2:G15) -> 0.11624941
A19: Desviación estándar | B19: =STDEVA(IL!G2:G15) -> 0.68525417 | C19: =STDEVA(NE!G5:G14) -> 0.083373842 | D19: =STDEVA(RCI!G2:G13) -> 8.155695 | E19: =STDEVA(RP!G2:G13) -> 0.1560761 | F19: =+STDEVA(RA!G2:G15) -> 0.091585238
A20: Nivel de confianza | B20: 0.999 | C20: 0.999 | D20: 0.999 | E20: 0.999 | F20: 0.999
A21: Valor t | B21: =TINV(1-B20,B14) -> 4.1404541 | C21: =TINV(1-C20,C14) -> 4.5868939 | D21: =TINV(1-D20,D14) -> 4.3177913 | E21: =TINV(1-E20,E14) -> 4.3177913 | F21: =TINV(1-F20,F14) -> 4.1404541
A22: limite inferior | B22: =+IFERROR(B$18-(B$21*(B$19/SQRT(B$14))),"") -> 1.4640673 | C22: =+IFERROR(C$18-(C$21*(C$19/SQRT(C$14))),"") -> 0.43859323 | D22: =+IFERROR(D$18-(D$21*(D$19/SQRT(D$14))),"") -> -1.3213583 | E22: =+IFERROR(E$18-(E$21*(E$19/SQRT(E$14))),"") -> -0.0071299824 | F22: =+IFERROR(F$18-(F$21*(F$19/SQRT(F$14))),"") -> 0.014902753
A23: limite superior | B23: =+IFERROR(B$18+(B$21*(B$19/SQRT(B$14))),"") -> 2.9806484 | C23: =+IFERROR(C$18+(C$21*(C$19/SQRT(C$14))),"") -> 0.68046128 | D23: =+IFERROR(D$18+(D$21*(D$19/SQRT(D$14))),"") -> 19.009794 | E23: =+IFERROR(E$18+(E$21*(E$19/SQRT(E$14))),"") -> 0.3819487 | F23: =+IFERROR(F$18+(F$21*(F$19/SQRT(F$14))),"") -> 0.21759607
